 Dungeon Crawl Stone Soup version 0.27-a0-1319-geec4fb4e21 (webtiles) character file.

Game seed: 12525672394248191711

431 freelancePsychic the Skirmisher (level 6, -11/48 HPs)
             Began as a Demonspawn Arcane Marksman on June 21, 2021.
             Was an Initiate of Qazlal.
             Mangled by a wyvern zombie (12 damage)
             ... in an ossuary.
             The game lasted 00:07:57 (4907 turns).

freelancePsychic the Skirmisher (DsAM)              Turns: 4907, Time: 00:07:58

Health: -11/48     AC: 12    Str: 13    XL:     6   Next: 67%
Magic:  7/7        EV: 11    Int: 14    God:    Qazlal [......]
Gold:   178        SH:  0    Dex: 13    Spells: 7/7 levels left

rFire    . . .     SeeInvis .   b - +2 whip (elec)
rCold    . . .     Faith    .   (no shield)
rNeg     . . .     Spirit   .   j - +0 ring mail
rPois    .         Reflect  .   (no helmet)
rElec    .         Harm     .   g - +0 cloak
rCorr    .         Rampage  .   (no gloves)
Will     .....                  (no boots)
Stlth    +.........             (no amulet)
HPRegen  0.16/turn              (no ring)
MPRegen  0.10/turn              (no ring)

@: sanguine armoured
A: talons 1, demonic guardian 2, powered by death 1, sanguine armour 1
a: Renounce Religion


You were in an ossuary.
You worshipped Qazlal.
Qazlal was noncommittal.
You visited 1 branch of the dungeon, and saw 6 of its levels.
You also visited: Ossuary.

You collected 178 gold pieces.

Inventory:

Hand Weapons
 a - a +0 shortbow
 b - a +2 whip of electrocution (weapon)
Missiles
 c - 47 arrows
Armour
 d - a +0 robe
 g - a +0 cloak (worn)
 j - a +0 ring mail (worn)
Jewellery
 n - a ring of fire
Scrolls
 o - a scroll of enchant weapon
 p - 2 scrolls of amnesia
 r - a scroll of noise
Potions
 e - a potion of mutation {unknown}
 f - 2 potions of degeneration {unknown}
 h - a potion of attraction {unknown}
 i - a potion of haste {unknown}
 k - 2 potions of lignification {unknown}
 l - a potion of curing {@q1}
 q - a potion of resistance {unknown}


   Skills:
 - Level 3.8 Fighting
 * Level 3.7 Maces & Flails
 - Level 2.3 Bows
 - Level 3.3 Dodging
 - Level 1.0 Spellcasting
 - Level 3.0 Hexes
 - Level 1.1 Invocations


You had 7 spell levels left.
You didn't know any spells.
Your spell library contained the following spells:

 Spells                   Type           Power      Damage    Failure   Level
 Corona                   Hex            10%        N/A       17%         1
 Slow                     Hex            9%         N/A       26%         2
 Inner Flame              Hex/Fire       4%         N/A       67%         3
 Portal Projectile        Hex/Tloc       8%         N/A       67%         3
 Cause Fear               Hex            4%         N/A       86%         4
 Leda's Liquefaction      Hex/Erth       2%         N/A       97%         4


Dungeon Overview and Level Annotations

Branches:
Dungeon (6/15)            Ossuary (1/1)
 Temple: D:4-7

Altars:
Ashenzari
Qazlal
Trog
Xom
Zin


Innate Abilities, Weirdness & Mutations

You have sharp toenails.
A demonic guardian rushes to your aid.
You regenerate a little health from kills.
When seriously injured, your bleeding wounds create armour. (AC +6)


Message History

Found a stone staircase leading up.
Your hellwing disappears in a puff of smoke!
The ogre hits you with a +0 giant club.
There is an escape hatch in the floor here.
You slide downwards.
The hatch slams shut behind you.
You hear the hiss of flowing sand.
There is an entrance to an ossuary on this level.
Hurry and find it before the portal is buried!
A necrophage comes into view.
Found a bubbling white potion.
Found a sand-covered staircase.
Found a pair of gloves.
There is a sand-covered staircase here.
The world spins around you as you enter the gateway.
You enter an ossuary!
Found a gate leading back out of this place.
There is an empty arch of ancient stone here.
You start resting.
A mummy comes into view.
A wyvern zombie comes into view.
You hit the mummy.
The mummy is moderately damaged.
A mummy comes into view.
The mummy completely misses you.
You hit the mummy but do no damage. You claw the mummy.
The mummy is moderately damaged.
The wyvern zombie barely misses you.
You hit the mummy.
The mummy is moderately damaged.
The wyvern zombie bites you! The mummy hits you.
* * * LOW HITPOINT WARNING * * *
You hit the mummy. Lightning courses through the mummy! You claw the mummy.
The mummy is almost destroyed.
The wyvern zombie completely misses you.
You completely miss the mummy.
The mummy is almost destroyed.
The wyvern zombie bites you!
* * * LOW HITPOINT WARNING * * *
A demonic guardian appears!
The mummy hits you.
* * * LOW HITPOINT WARNING * * *
You swap places.
The wyvern zombie bites you!
You die...

## ##
#. .#
'#'#
...
##M##
#.MM#
#Z4.#
#@.∩#
#####


You could see 3 mummies, a wyvern zombie (ally target) and a friendly ice devil
(summoned).

Vanquished Creatures
  A black bear (D:4)
  A scorpion (D:4)
  A centaur zombie (D:4)
  A bullfrog skeleton (D:4)
  Natasha (twice) (D:2)
  5 gnolls
  5 adders (D:4)
  An ufetubus (D:4)
  A dart slug (D:1)
  2 orcs (D:3)
  4 endoplasms
  5 goblins
  4 hobgoblins
  3 quokkas (D:3)
  6 ball pythons
  3 bats
  5 frilled lizards
  4 kobolds
  2 rats
56 creatures vanquished.

Vanquished Creatures (collateral kills)
  Natasha (D:2)
  A dart slug (D:4)
  An orc (D:4)
  An endoplasm (D:2)
  A goblin (D:2)
5 creatures vanquished.

Vanquished Creatures (others)
  3 withered plants (Ossuary)
3 creatures vanquished.

Grand Total: 64 creatures vanquished

Notes
Turn   | Place    | Note
-------+----------+-------------------------------------------
     0 | D:1      | freelancePsychic the Demonspawn Arcane Marksman began the
                  | quest for the Orb.
     0 | D:1      | Reached XP level 1. HP: 15/15 MP: 2/2
   624 | D:1      | Gained mutation: A weak demonic guardian rushes to your
                  | aid. [demonic ancestry]
   624 | D:1      | Reached XP level 2. HP: 18/22 MP: 3/3
  1521 | D:2      | Noticed Natasha
  1529 | D:2      | Killed Natasha
  1530 | D:2      | Gained mutation: A demonic guardian rushes to your aid.
                  | [demonic ancestry]
  1530 | D:2      | Reached XP level 3. HP: 14/28 MP: 4/4
  1693 | D:2      | Found a faded altar of an unknown god.
  1806 | D:2      | Noticed Natasha
  1815 | D:2      | Killed Natasha
  1816 | D:2      | Gained mutation: When seriously injured, your bleeding
                  | wounds create armour. (AC +6) [demonic ancestry]
  1816 | D:2      | Reached XP level 4. HP: 6/34 MP: 5/5
  1953 | D:2      | Noticed Natasha
  1978 | D:2      | Killed Natasha
  2889 | D:2      | Gained mutation: You have sharp toenails. [demonic
                  | ancestry]
  2889 | D:2      | Reached XP level 5. HP: 21/41 MP: 6/6
  3287 | D:3      | Found a stormy altar of Qazlal.
  3489 | D:3      | Found a broken altar of Ashenzari.
  3563 | D:3      | Found a bloodstained altar of Trog.
  3599 | D:3      | Noticed an angel
  3601 | D:3      | Found a shimmering altar of Xom.
  3782 | D:3      | Became a worshipper of Qazlal Stormbringer
  3792 | D:4      | Noticed a black bear
  3956 | D:4      | Reached skill level 1 in Invocations
  4003 | D:4      | Reached skill level 1 in Maces & Flails
  4026 | D:4      | Killed a black bear
  4027 | D:4      | Gained mutation: You regenerate a little health from kills.
                  | [demonic ancestry]
  4027 | D:4      | Reached XP level 6. HP: 18/48 MP: 7/7
  4706 | D:5      | Entered Level 5 of the Dungeon
  4856 | D:6      | Found a sand-covered staircase.
  4862 | Ossuary  | Entered an ossuary
  4906 | Ossuary  | HP: 1/48 [mummy (2)]
  4907 | Ossuary  | Mangled by a wyvern zombie

Illustrated notes

Levels and vault maps discovered:
D:1:      dpeg_arrival_radiant, layout_basic
D:2:      layout_rooms, hellmonk_ecumenical_altar_zigzags, uniq_natasha
D:3:      layout_rooms, grunt_temple_overflow_order_and_chaos_1,
          lemuel_round_altar, old_standard_altar, old_standard_altar
D:4:      layout_basic, due_unseen_surprise
D:5:      layout_basic, tso_metal_star, amcnicky_altar_gilded, item_on_display_a
D:6:      layout_rooms, minmay_temple_entry_mist, enter_ossuary_1
Ossuary:  ossuary_zaba_flooded

Skill      XL: |  1  2  3  4  5  6 |
---------------+-------------------+-----
Dodging        | 2 3 |  3.3
Fighting       | 2 3 |  3.8
Bows           | 2 |  2.3
Invocations    | 1 |  1.1
Maces & Flails | 2 3 |  3.7
Spellcasting   | |  1.0
Hexes          | |  3.0

Action                   |  1- 3 |  4- 6 || total
-------------------------+-------+-------++-------
Melee: Whip              |       |    76 ||    76
       Kick              |       |    17 ||    17
 Fire: Shortbow          |    71 |    87 ||   158
  Use: Potion            |       |     1 ||     1
       Scroll            |       |     4 ||     4
Armor: Robe              |     1 |       ||     1
       Ring mail         |       |    61 ||    61
Dodge: Dodged            |    17 |    79 ||    96

Table legend: (Time is in decaauts)
 A = Elapsed time spent in this place.
 B = Non-inter-level travel time spent in this place.
 C = Inter-level travel time spent in this place.
 D = Time resting spent in this place.
 E = Time spent auto-exploring this place.
 F = Levels seen in this place.
 G = Mean time per level.
                   A        B        C        D        E       F      G
               +--------+--------+--------+--------+--------+-----+--------+
         Total |   4942 |   4796 |    146 |    468 |   3685 |   7 |  706.0 |
       Dungeon |   4898 |   4752 |    146 |    431 |   3685 |   6 |  816.3 |
       Ossuary |     44 |     44 |      0 |     37 |      0 |   1 |   44.0 |
               +--------+--------+--------+--------+--------+-----+--------+

Top non-repeatable levels by time:
     D:1: 1758 daAuts
     D:2: 1503 daAuts
     D:4: 892 daAuts
     D:3: 589 daAuts
     D:5: 149 daAuts
 Ossuary: 44 daAuts
     D:6: 5 daAuts
